 Dungeon Crawl Stone Soup version 0.29.1-15-g9cfb28693d (webtiles) character file.

Game seed: 10240128835269211892

35 M4edhros the Slasher (level 3, -4/26 HPs)
             Began as an Octopode Chaos Knight on Mar 2, 2023.
             Was a Plaything of Xom.
             Slain by a gnoll
             ... wielding a +0 spear
              (9 damage)
             ... on level 2 of the Dungeon.
             The game lasted 00:02:16 (975 turns).

M4edhros the Slasher (Octopode Chaos Knight)         Turns: 975, Time: 00:02:16

Health: -4/26      AC:  1    Str: 11    XL:     3   Next: 35%
Magic:  3/3        EV: 13    Int: 14    God:    Xom [..*...]
Gold:   41         SH:  0    Dex: 13    Spells: 2/2 levels left

rFire   . . .      SeeInvis .   a - +0 falchion (chaos)
rCold   . . .      Faith    .   (no shield)
rNeg    . . .      Spirit   .   (helmet restricted)
rPois   .          Reflect  .   (no amulet)
rElec   .          Harm     .   (no ring)
rCorr   .          Rampage  .   (no ring)
Will    .....                   (no ring)
Stlth   ++........              (no ring)
HPRegen 0.08/turn               (no ring)
MPRegen 0.08/turn               (no ring)
                                (no ring)
                                (no ring)

@: no status effects
A: almost no armour, amphibious, 8 rings, camouflage 1, gelatinous body 1,
(nimble swimmer 1), tentacles
a: Renounce Religion


You were on level 2 of the Dungeon.
You worshipped Xom.
You were a toy of Xom.
You visited 1 branch of the dungeon, and saw 2 of its levels.

You collected 41 gold pieces.

Inventory:

Hand Weapons
 a - a +0 falchion of chaos (weapon)
Scrolls
 d - a scroll of identify
Miscellaneous
 b - a piece from Xom's chessboard (inert) (quivered)


   Skills:
 + Level 3.4 Fighting
 + Level 3.5 Long Blades
 + Level 2.9 Dodging


You had 2 spell levels left.
You didn't know any spells.
Your spell library contained the following spells:

 Spells                   Type           Power      Damage    Failure   Level
 Ozocubu's Armour         Ice            0%         N/A       65%         3
 Metabolic Englaciation   Hex/Ice        0%         N/A       100%        5
 Simulacrum               Ice/Necr       0%         N/A       100%        6


Dungeon Overview and Level Annotations

Branches:
Dungeon (1/15)

Altars:

Shops:
D:1 :


Innate Abilities, Weirdness & Mutations

You cannot wear most types of armour.
You are amphibious.
You can wear up to eight rings at the same time.
Your skin changes colour to match your surroundings (Stealth+).
Your rubbery body absorbs attacks. (AC +1, EV +1)
((You are camouflaged when in or above water. (Stealth+)))
You have tentacles for arms and can constrict up to eight enemies at once.


Message History

Unknown command.
Unknown command.
The gnoll hits you but does no damage. x2
The gnoll hits you but does no damage.
The adder is no longer moving slowly.
The gnoll hits you from afar with a +0 spear.
The gnoll hits you but does no damage. The gnoll hits you but does no damage.
The gnoll hits you but does no damage.
The gnoll hits you from afar with a +0 spear.
The gnoll hits you but does no damage.
The gnoll hits you but does no damage. x2
The gnoll hits you but does no damage.
The gnoll is no longer moving quickly.
The gnoll hits you but does no damage.
The gnoll hits you from afar with a +0 spear.
The gnoll hits you but does no damage.
The adder is no longer moving quickly.
The gnoll hits you but does no damage. The gnoll hits you but does no damage.
The gnoll hits you but does no damage. The gnoll hits you but does no damage.
The gnoll hits you from afar with a +0 spear.
Your transformation is almost over.
Your butterfly disappears in a burst of colours!
The gnoll hits you but does no damage. The gnoll hits you but does no damage.
The gnoll hits you but does no damage. The gnoll hits you but does no damage.
The gnoll hits you but does no damage. The gnoll hits you but does no damage.
The gnoll hits you from afar with a +0 spear.
* * * LOW HITPOINT WARNING * * *
You cannot move.
The adder is no longer petrified.
The gnoll hits you but does no damage.
Your butterfly disappears in a burst of colours!
The gnoll hits you from afar with a +0 spear.
* * * LOW HITPOINT WARNING * * *
You feel less wooden.
The gnoll hits you from afar with a +0 spear!
You die...
Xom roars with laughter!

#..........?.
#..).........
#............
#.#.....#....
##.########...
#Sg# ... #g##
.. #)#
####@###
#......##
#...b......#
#......#####
#......#
#..[...#
#......#
#......#
########


You could see 2 gnolls and an adder (misshapen).

Vanquished Creatures
  A gnoll (D:2)
  2 ball pythons
  2 bats (D:1)
  2 endoplasms (D:1)
  A giant cockroach (D:1)
  3 hobgoblins (D:1)
  2 jackals (D:1)
  3 kobolds
  A quokka (D:1)
  3 goblins (D:1)
  3 rats (D:1)
23 creatures vanquished.

Vanquished Creatures (others)
  A demonspawn (D:1)
  2 draconians (D:1)
  2 octopodes (D:1)
  2 gargoyles (D:1)
  A formicid (D:1)
  A spriggan (D:1)
  2 humans (D:1)
  A naga (D:1)
  A dwarf (D:1)
  A tengu (D:1)
  A kobold (D:1)
  4 tentacles (D:1)
19 creatures vanquished.

Grand Total: 42 creatures vanquished

Notes
Turn   | Place    | Note
-------+----------+-------------------------------------------
     0 | D:1      | M4edhros the Octopode Chaos Knight began the quest for the
                  | Orb.
     0 | D:1      | Reached XP level 1. HP: 16/16 MP: 1/1
     2 | D:1      | Noticed a spriggan
     2 | D:1      | Noticed a gargoyle
     2 | D:1      | Noticed a tengu
     2 | D:1      | Noticed a draconian
     2 | D:1      | Noticed a human
     2 | D:1      | Noticed a gargoyle
     2 | D:1      | Noticed an octopode
     2 | D:1      | Noticed a naga
     2 | D:1      | Noticed an octopode
     2 | D:1      | Noticed a kraken
     2 | D:1      | Noticed a human
     2 | D:1      | Noticed a formicid
     2 | D:1      | Noticed a dwarf
     2 | D:1      | Noticed a draconian
     2 | D:1      | Noticed a demonspawn
     5 | D:1      | Killed an octopode
     8 | D:1      | Killed a tengu
     9 | D:1      | XOM: silly message
     9 | D:1      | Killed an octopode
    10 | D:1      | Killed a gargoyle
    10 | D:1      | Killed a gargoyle
    10 | D:1      | Killed a spriggan
    12 | D:1      | Killed a formicid
    12 | D:1      | Killed a human
    14 | D:1      | Killed a draconian
    15 | D:1      | Killed a dwarf
    15 | D:1      | Killed a human
    17 | D:1      | Killed a demonspawn
    17 | D:1      | Killed a naga
    18 | D:1      | Killed a draconian
    92 | D:1      | Reached XP level 2. HP: 14/21 MP: 2/2
   369 | D:1      | XOM: silly message
   532 | D:1      | Found Ybioc's Book Emporium.
   772 | D:1      | Reached XP level 3. HP: 26/26 MP: 3/3
   784 | D:1      | Found a faded altar of an unknown god.
   828 | D:1      | XOM: divination: magic mapping
   894 | D:1      | You fall into a shaft and drop 1 floor!
   914 | D:2      | XOM: noise
   924 | D:2      | XOM: smoke on damage
   975 | D:2      | Slain by a gnoll

Illustrated notes

Levels and vault maps discovered:
D:1:      nicolae_arrival_kraken_aquarium_b, layout_loops_ring, serial_shops,
          shop, chequers_ecumenical_altar_grove, grunt_decor_mini_mirrors
D:2:      layout_rooms

Action                   || total
-------------------------++-------
Melee: Falchion          ||    48
       Constrict         ||    10
       Tentacles         ||     8
Evoke: Piece from Xom's  ||    15
  Use: Scroll            ||     4
       Potion            ||     2
 Stab: Sleeping          ||     3
Armor: Skin              ||    43
Dodge: Dodged            ||    36
